 Dungeon Crawl Stone Soup version 0.18-a0-1109-gfc003ac (webtiles) character file.

213 wvc the Insei (level 5, -2/41 HPs)
             Began as a Mummy Monk on Jan 16, 2016.
             Slain by an iguana (6 damage)
             ... on level 4 of the Dungeon.
             The game lasted 00:06:32 (5172 turns).

wvc the Insei (Mummy Monk)                          Turns: 5172, Time: 00:06:32

Health: -2/41      AC:  3    Str: 14    XL:     5   Next: 59%
Magic:  5/5        EV:  7    Int: 10    God:
Gold:   188        SH:  0    Dex: 15    Spells: 0 memorised, 4 levels left

rFire  x . .     SeeInvis .     l - +0 quarterstaff
rCold  + . .     Gourm    .     g - +0 leather armour
rNeg   + + +     Faith    .     (shield currently unavailable)
rPois  ∞         Spirit   .     (no helmet)
rElec  .         Dismiss  .     (no cloak)
rCorr  .         Reflect  .     (no gloves)
SustAt .         Harm     .     (no boots)
MR     .....                    (no amulet)
Stlth  ++........               (no ring)
                                (no ring)

@: not resistant to hostile enchantments, unstealthy
A: no food or potions, fire vulnerability, cold resistance 1, negative energy
resistance 3, torment resistance, unbreathing
a: no special abilities


You were on level 4 of the Dungeon.
You were not hungry.

You visited 1 branch of the dungeon, and saw 4 of its levels.

You collected 188 gold pieces.

Inventory:

Hand Weapons
 h - a +0 mace
 l - a +0 quarterstaff (weapon)
 r - a +0 blowgun
 s - a +0 spear of venom
Missiles
 a - 3 curare-tipped needles
 j - 54 poisoned needles
Armour
 g - a +0 leather armour (worn)
 o - a +0 ring mail
Scrolls
 c - 4 scrolls of remove curse
 d - 2 scrolls of fear
 e - 2 scrolls of magic mapping
 f - a scroll of recharging {unknown}
 i - 3 scrolls of enchant armour
 k - a scroll of blinking {unknown}
 m - a scroll of amnesia {unknown}
 n - a scroll of teleportation {unknown}
 q - a scroll of noise {unknown}
Books
 p - a book of Flames

   Spells                             Type                      Level
   a - Flame Tongue                   Conjuration/Fire             1
   b - Throw Flame                    Conjuration/Fire             2
   c - Conjure Flame                  Conjuration/Fire             3
   d - Inner Flame                    Hexes/Fire                   3
   e - Sticky Flame                   Conjuration/Fire             4
   f - Fireball                       Conjuration/Fire             5


   Skills:
 - Level 3.0 Fighting
   Level 0.2 Short Blades
 - Level 1.9(2.7) Maces & Flails
 * Level 3.0(3.3) Staves
 - Level 2.0 Armour
 - Level 2.4 Dodging
 - Level 1.5 Stealth
 - Level 3.2 Unarmed Combat


You had 4 spell levels left.
You didn't know any spells.

Dungeon Overview and Level Annotations

Branches:
Dungeon (4/15)
 Temple: D:4-7

Altars:


Innate Abilities, Weirdness & Mutations

You do not eat or drink.
Your flesh is vulnerable to fire.
You are immune to poison.
Your flesh is cold resistant.
You are immune to negative energy.
You are immune to unholy pain and torment.
You can survive without breathing.


Message History

The iguana closely misses you.
You barely miss the iguana.
The iguana is heavily wounded.
The iguana bites you.
You hit the iguana but do no damage.
The iguana is heavily wounded.
The iguana closely misses you.
You hit the iguana but do no damage.
The iguana is heavily wounded.
The iguana misses you.
You hit the iguana.
The iguana is heavily wounded.
The iguana bites you!
You hit the iguana.
The iguana is severely wounded.
The iguana closely misses you. The iguana bites you!
* * * LOW HITPOINT WARNING * * *
There is a stone staircase leading up here.
The iguana bites you.
You die...

..............#
#.#####.##.####
#.#..# #.#.##
#.#.# #.#.#
#.#.#####
#.#l....#
#.#@#.### #.#.#
#.#†# #.#.#
#.#.# #.#.#
#.#.# #.#.#
#.#.#


You could see an iguana.

Vanquished Creatures
  A worker ant (D:4)
  4 gnolls
  7 adders
  2 worms (D:2)
  4 giant geckos
  6 orcs (D:3)
  3 giant cockroaches
  9 goblins
  7 hobgoblins
  3 jackals (D:3)
  4 ball pythons
  5 bats (D:1)
  5 giant newts
  7 kobolds
  8 rats
75 creatures vanquished.

Notes
Turn   | Place    | Note
--------------------------------------------------------------
     0 | D:1      | wvc the Mummy Monk began the quest for the Orb.
     0 | D:1      | Reached XP level 1. HP: 18/18 MP: 1/1
   650 | D:1      | Reached XP level 2. HP: 22/24 MP: 2/2
   737 | D:1      | Reached skill level 1 in Maces & Flails
  1036 | D:1      | Reached skill level 1 in Armour
  2754 | D:2      | Reached XP level 3. HP: 14/29 MP: 3/3
  3543 | D:2      | Reached XP level 4. HP: 35/35 MP: 4/4
  3892 | D:2      | Reached skill level 1 in Staves
  4715 | D:3      | Reached XP level 5. HP: 38/41 MP: 5/5
  5172 | D:4      | Slain by an iguana

Vault maps used:
D:1:      minmay_arrival_hallway, minmay_misc_feat_tiny, grunt_decor_cap
D:3:      first_bread
D:4:      old_standard_altar, minmay_temple_entry_grid,
          nicolae_dithmenos_through_a_glass_darkly, uniq_sigmund, uniq_edmund,
          uniq_blork_the_orc

Action                   |  1- 3 |  4- 6 || total
-------------------------+-------+-------++-------
Melee: Unarmed           |   110 |       ||   110
       Quarterstaff      |    29 |   171 ||   200
       Mace              |    14 |       ||    14
  Use: Scroll            |       |     4 ||     4
 Stab: Sleeping          |     3 |     3 ||     6
